 Dungeon Crawl Stone Soup version 0.17.1-3-g152610e (webtiles) character file.

2347 azaza322 the Blocker (level 9, -7/56 HPs)
             Began as a Gargoyle Fighter on Apr 3, 2016.
             Was a Believer of the Shining One.
             Killed by divine providence
             ... invoked by an orc priest
              (10 damage)
             ... on level 6 of the Dungeon.
             The game lasted 00:12:21 (5013 turns).

azaza322 the Blocker (Gargoyle Fighter)             Turns: 5013, Time: 00:12:21

Health: -7/56      AC: 22    Str: 22    XL:     9   Next: 43%
Magic:  9/9        EV: 12    Int:  9    God:    the Shining One [**....]
Gold:   315        SH: 11    Dex: 10    Spells: 0 memorised, 8 levels left

rFire  . . .     SeeInvis .     n - +0 mace (holy)
rCold  . . .     Clarity  .     b - +0 scale mail
rNeg   + + .     SustAt   .     c - +0 shield
rPois  ∞         Gourm    +     (no helmet)
rElec  +         Spirit   .     v - +0 cloak
rCorr  .         Warding  .     (no gloves)
rMut   .         Stasis   .     H - +0 pair of boots
MR     .....                    g - amulet of the gourmand
Stlth  ..........               D - +3 ring of evasion
                                q - +6 ring of protection

@: glowing, not resistant to hostile enchantments, extremely unstealthy
A: negative energy resistance 1, electricity resistance, unbreathing,
petrification resistance, rot immunity, AC +5
a: Divine Shield, Renounce Religion


You were on level 6 of the Dungeon.
You worshipped the Shining One.
The Shining One was pleased with you.
You were completely stuffed.

You visited 1 branch of the dungeon, and saw 6 of its levels.

You collected 315 gold pieces.

Inventory:

Hand Weapons
 n - a +0 mace of holy wrath (weapon)
Missiles
 G - 5 tomahawks (quivered)
Armour
 b - a +0 scale mail (worn)
 c - a +0 shield (worn)
 v - a +0 cloak (worn)
 H - a +0 pair of boots (worn)
Jewellery
 g - an amulet of the gourmand (around neck)
 q - a +6 ring of protection (left hand)
 D - a +3 ring of evasion (right hand)
Wands
 x - a wand of enslavement (9)
 I - a wand of fireball (6)
 J - a wand of polymorph (3)
Scrolls
 f - 2 scrolls of magic mapping {unknown}
 i - 2 scrolls of random uselessness {unknown}
 m - 2 scrolls of remove curse {unknown}
 o - 3 scrolls of teleportation {unknown}
 p - a scroll of fear {unknown}
 t - 3 scrolls of identify {unknown}
 u - 2 scrolls of enchant armour {unknown}
 y - a scroll of noise {unknown}
 A - a scroll of blinking {unknown}
 E - a scroll of recharging {unknown}
Potions
 a - a potion of agility {unknown}
 d - 2 potions of might
 h - 3 potions of lignification {unknown}
 l - a potion of resistance {unknown}
 r - 2 potions of haste {unknown}
 s - 2 potions of poison {unknown}
 w - a potion of invisibility {unknown}
 z - a potion of cancellation {unknown}
 F - a potion of heal wounds {unknown}
Comestibles
 e - 2 bread rations
 k - 3 slices of pizza
 B - 2 meat rations
 C - 9 fruits
 K - 3 chunks of flesh


   Skills:
 + Level 6.8 Fighting
 + Level 6.7 Maces & Flails
 + Level 6.6 Armour
 - Level 1.0 Dodging
 + Level 8.4 Shields


You had 8 spell levels left.
You didn't know any spells.

Dungeon Overview and Level Annotations

Branches:
Dungeon (6/15)             Temple (0/1) D:4

Altars:
Dithmenos
Ru
Trog
Vehumet
The Shining One


Innate Abilities, Weirdness & Mutations

You are resistant to torment.
Your stone body is resilient (AC +5).
You are immune to poison.
You resist negative energy.
You are resistant to electric shocks.
You can survive without breathing.
You are immune to petrification.
You are immune to rotting.


Message History

An orc comes into view. It is wielding a dagger.
The orc priest casts a cantrip, but nothing happens.
You open the door. You block the orc's attack.
A giant frog comes into view.
The giant frog gives a loud, deep croak!
There is an open door here.
You found an alarm trap!
The giant frog hits you.
Really walk onto that alarm trap?
Okay, then.
You hear a blaring wail to the north.
You hear a shout!
You hear a shout!
You hear a shout! x5
You block the giant frog's attack. The giant frog barely misses you.
The orc priest invokes the aid of Beogh against you.
Something smites you!
* * * LOW HITPOINT WARNING * * *
The giant frog misses you. The giant frog barely misses you.
The orc priest invokes the aid of Beogh against you.
Something smites you!
You die...

##+####+##
#........#
#........#
#........#
#........# #######
#........# .....
+.....F@.+ ###
####.#####...oo...#
#<#
.........oo.......#
#.#
####.#####........#
#.# # #+#
########## #.# #
#.# # #.........
#.# ###.........
#.# .##.........
#.#


You could see a giant frog, an orc priest and 3 orcs.

Vanquished Creatures
  Sigmund (D:5)
  A hippogriff (D:6)
  Edmund (D:4)
  A water moccasin (D:5)
  Duvessa (D:5)
  4 phantoms
  The ghost of attackplan the Ducker, an amateur OgAM of Cheibriados (D:3)
  A sky beast (D:5)
  An ice beast (D:6)
  An ogre (D:4)
  A giant frog (D:5)
  Dowan (D:5)
  A scorpion (D:4)
  3 wights (D:6)
  A crimson imp (D:5)
  An orc wizard (D:6)
  A hound (D:6)
  Crazy Yiuf (D:6)
  3 jellies
  2 orc priests
  2 giant frog skeletons (D:6)
  An iguana (D:5)
  A worker ant (D:4)
  A hound skeleton (D:4)
  15 gnolls
  6 adders
  2 oozes
  4 worms
  3 giant geckos
  14 orcs
  A ball python (D:3)
  5 bats
  7 hobgoblins
  16 jackals
  9 kobolds
  A quokka (D:5)
  4 giant cockroaches
  4 giant newts
  8 goblins
  2 goblin skeletons (D:5)
  A goblin zombie (D:5)
  5 hobgoblin zombies (D:5)
  A kobold skeleton (D:5)
  A kobold zombie (D:5)
  An orc skeleton (D:5)
  2 orc zombies (D:5)
  10 rats
155 creatures vanquished.

Notes
Turn   | Place    | Note
--------------------------------------------------------------
     0 | D:1      | azaza322 the Gargoyle Fighter began the quest for the Orb.
     0 | D:1      | Reached XP level 1. HP: 14/14 MP: 1/1
   334 | D:1      | Reached XP level 2. HP: 19/19 MP: 2/2
   969 | D:2      | Reached XP level 3. HP: 19/23 MP: 3/3
  1026 | D:2      | Reached skill level 4 in Shields
  1062 | D:2      | Reached XP level 4. HP: 20/29 MP: 4/4
  1576 | D:2      | Found a sacrificial altar of Ru.
  1576 | D:2      | Found a radiant altar of Vehumet.
  1924 | D:3      | Reached skill level 1 in Dodging
  1975 | D:3      | Reached XP level 5. HP: 33/33 MP: 5/5
  2003 | D:3      | Found a shadowy altar of Dithmenos.
  2059 | D:3      | Noticed attackplan's ghost (amateur OgAM)
  2078 | D:3      | Killed attackplan's ghost
  2078 | D:3      | Reached XP level 6. HP: 19/38 MP: 6/6
  2244 | D:3      | Reached skill level 5 in Shields
  2273 | D:3      | Found a glowing golden altar of the Shining One.
  2281 | D:3      | Became a worshipper of the Shining One
  3330 | D:4      | Reached XP level 7. HP: 32/44 MP: 7/7
  3342 | D:4      | Noticed Edmund
  3373 | D:4      | Killed Edmund
  3373 | D:4      | Reached skill level 5 in Armour
  3414 | D:4      | Reached skill level 6 in Shields
  3470 | D:4      | Found a staircase to the Ecumenical Temple.
  3843 | D:5      | Entered Level 5 of the Dungeon
  3844 | D:5      | Reached * piety under the Shining One
  3846 | D:5      | Found a glowing golden altar of the Shining One.
  3882 | D:5      | Reached ** piety under the Shining One
  3938 | D:5      | Found a bloodstained altar of Trog.
  3964 | D:5      | Reached skill level 5 in Fighting
  3964 | D:5      | Reached XP level 8. HP: 46/49 MP: 8/8
  4053 | D:5      | Noticed Sigmund
  4069 | D:5      | Killed Sigmund
  4069 | D:5      | Reached skill level 7 in Shields
  4139 | D:5      | Reached skill level 5 in Maces & Flails
  4327 | D:5      | Noticed Dowan
  4329 | D:5      | Noticed Duvessa
  4351 | D:5      | Killed Duvessa
  4361 | D:5      | Killed Dowan
  4560 | D:5      | Reached XP level 9. HP: 51/55 MP: 9/9
  4713 | D:6      | Reached skill level 8 in Shields
  4753 | D:6      | Noticed Crazy Yiuf
  4762 | D:6      | Killed Crazy Yiuf
  5013 | D:6      | Killed from afar by an orc priest

Action                   |  1- 3 |  4- 6 |  7- 9 || total
-------------------------+-------+-------+-------++-------
Melee: Flail             |    33 |       |       ||    33
       Mace              |    57 |   318 |   353 ||   728
  Use: Potion            |       |       |     3 ||     3
  Eat: Chunk             |     1 |    16 |     8 ||    25
